 Dungeon Crawl Stone Soup version 0.31.0-32-g396128a36d (webtiles) character file.

Game seed: 8597514597620046537

20429 0gre the Frost Mage (level 12, -3/92 HPs)
             Began as a Gnoll Ice Elementalist on Apr 24, 2024.
             Was an Initiate of Gozag.
             Slain by an orc knight
             ... wielding a +0 war axe of freezing
              (6 damage)
             ... on level 11 of the Dungeon.
             The game lasted 01:44:28 (12125 turns).

0gre the Frost Mage (Gnoll Ice Elementalist)       Turns: 12125, Time: 01:44:28

Health: -3/92      AC: 15    Str: 14    XL:     12   Next: 79%
Magic:  21/25      EV: 16    Int: 18    God:    Gozag
Gold:   810        SH:  0    Dex: 14    Spells: 23/29 levels left

rFire   + . .        a - +2 dire flail (protect)
rCold   + . .        (shield currently unavailable)
rNeg    . . .        f - +2 robe {rC+ rF+}
rPois   +            t - +1 helmet
rElec   .            B - +2 cloak {Will+}
rCorr   .            g - +1 pair of gloves
SInv    .            y - +1 pair of boots
Will    +....        z - amulet of magic regeneration
Stlth   ++++         i - ring of poison resistance
HPRegen 0.35/turn    n - +6 ring of strength
MPRegen 0.59/turn

%: no passive effects
@: gold aura, freezing walls, studying Armour
A: fangs 1, strong nose, distributed training
a: Renounce Religion, Potion Petition, Call Merchant, Bribe Branch


You were on level 11 of the Dungeon.
You worshipped Gozag.
Gozag was pleased with you.
You visited 2 branches of the dungeon, and saw 12 of its levels.
You also visited: Sewer and Bailey.

You collected 2386 gold pieces.
You spent 852 gold pieces at shops.
You paid 724 gold pieces to Gozag.

Inventory:

Hand Weapons
 a - a +2 dire flail of protection (weapon)
 b - a +1 orcbow of electrocution
 c - a +0 glaive
 d - a +0 falchion of holy wrath
Missiles
 k - 23 javelins
 l - 21 poisoned darts (quivered)
 p - 14 boomerangs
 r - 2 throwing nets
 L - a curare-tipped dart
Armour
 f - a +2 robe of resistance (worn)
 g - a +1 pair of gloves (worn)
 t - a +1 helmet (worn)
 y - a +1 pair of boots (worn)
 B - a +2 cloak of willpower (worn)
Jewellery
 i - a ring of poison resistance (left hand)
 n - a +6 ring of strength (right hand)
 z - an amulet of magic regeneration (around neck)
 K - an amulet of the acrobat
 O - a +4 ring of protection
Wands
 w - a wand of flame (10)
 D - a wand of paralysis (11)
 E - a wand of quicksilver (6)
 N - a wand of polymorph (5)
 P - a wand of iceblast (2)
Scrolls
 e - 10 scrolls of teleportation
 q - 2 scrolls of fear
 u - a scroll of immolation
 H - 2 scrolls of revelation
 I - a scroll of amnesia
Potions
 h - 5 potions of attraction
 j - a potion of enlightenment
 m - 3 potions of resistance
 o - 2 potions of cancellation
 s - 4 potions of magic
 v - a potion of invisibility
 x - 3 potions of might
 A - 2 potions of berserk rage
 C - a potion of curing
 F - a potion of lignification
 G - 3 potions of mutation
 J - 2 potions of heal wounds
 M - 3 potions of haste


   Skills:
 + Level 7.8 Fighting
 + Level 7.8 Short Blades
 + Level 7.8 Long Blades
 + Level 7.8 Axes
 + Level 7.8 Maces & Flails
 + Level 7.8 Polearms
 + Level 7.8 Staves
 + Level 7.8 Ranged Weapons
 + Level 7.8 Throwing
 + Level 9.0 Armour
 + Level 9.1 Dodging
 + Level 8.9 Stealth
 + Level 7.8 Shields
 + Level 7.8 Unarmed Combat
 + Level 9.3 Spellcasting
 + Level 6.4 Conjurations
 + Level 6.4 Hexes
 + Level 6.4 Summonings
 + Level 6.4 Necromancy
 + Level 6.4 Translocations
 + Level 6.4 Fire Magic
 + Level 9.7 Ice Magic
 + Level 6.4 Air Magic
 + Level 6.4 Earth Magic
 + Level 6.4 Alchemy
 + Level 8.5 Invocations
 + Level 7.8 Evocations
 + Level 7.1 Shapeshifting


You had 23 spell levels left.
You knew the following spells:

 Your Spells              Type           Power      Damage    Failure   Level
b - Frozen Ramparts       Ice            86%        1d13      1%          3
c - Summon Ice Beast      Ice/Summ       37%        N/A       1%          3

Your spell library contained the following spells:

 Spells                   Type           Power      Damage    Failure   Level
 Apportation              Tloc           62%        N/A       1%          1
 Freeze                   Ice            100%       1d10      1%          1
 Magic Dart               Conj           100%       1d8       1%          1
 Sandblast                Erth           62%        2d14      1%          1
 Blink                    Tloc           62%        N/A       1%          2
 Call Imp                 Summ           62%        N/A       1%          2
 Ensorcelled Hibernation  Hex/Ice        74%        N/A       1%          2
 Jinxbite                 Hex            62%        N/A       1%          2
 Lesser Beckoning         Tloc           62%        N/A       1%          2
 Momentum Strike          Conj/Tloc      62%        3d9       1%          2
 Sublimation of Blood     Necr           31%        N/A       1%          2
 Call Canine Familiar     Summ           31%        N/A       1%          3
 Ozocubu's Armour         Ice            43%        N/A       1%          3
 Passwall                 Erth           31%        N/A       1%          3
 Sigil of Binding         Hex            31%        N/A       1%          3
 Stone Arrow              Conj/Erth      62%        3d10      1%          3
 Swiftness                Air            31%        N/A       1%          3
 Tukima's Dance           Hex            31%        N/A       1%          3
 Animate Armour           Summ/Erth      62%        N/A       6%          4
 Brom's Barrelling Bould  Conj/Erth      31%        2d5       6%          4
 Dimensional Bullseye     Hex/Tloc       15%        N/A       6%          4
 Passage of Golubria      Tloc           31%        N/A       6%          4
 Summon Lightning Spire   Summ/Air       31%        N/A       6%          4
 Alistair's Intoxication  Alch           20%        N/A       17%         5
 Fireball                 Conj/Fire      15%        3d8       17%         5
 Iskenderun's Battlesphe  Conj           31%        2d8       17%         5
 Lee's Rapid Deconstruct  Erth           15%        3d10*     17%         5
 Yara's Violent Unravell  Hex/Alch       15%        3d8       17%         5
 Conjure Ball Lightning   Conj/Air       15%        3x3d6     67%         6
 Orb of Destruction       Conj           15%        9d7       99%         7
 Summon Hydra             Summ           15%        N/A       99%         7


Dungeon Overview and Level Annotations

Branches:
Dungeon (11/15)            Temple (1/1) D:7             Orc (0/2) D:10
  Sewer (visited)          Bailey (visited)
   Lair: D:8-11

Altars:
Ashenzari
Cheibriados
Dithmenos
Elyvilon
Fedhas
Gozag
Hepliaklqana
Kikubaaqudgha
Makhleb
Nemelex Xobeh
Okawaru
Qazlal
Ru
Sif Muna
Trog
Uskayaw
Vehumet
Wu Jian
Xom
Yredelemnul
Zin
The Shining One

Shops:
D:1 ?   D:9 =   D:10 ?*


Innate Abilities, Weirdness & Mutations

You have very sharp teeth.
Your uncanny sense of smell can sniff out nearby items.
Your experience applies equally to all skills.


Message History

The orange demon disappears in a puff of smoke!
The frozen ramparts melt away.
The orc knight roars a battlecry!
Your ice beast closely misses the orc knight.
The orc knight hits your ice beast with a +0 war axe of freezing!!
Your ice beast dies!
Your ice beast disappears in a puff of smoke!
Casting: Frozen Ramparts (safe; 1% risk of failure)
Confirm with . or Enter, or press ? or * to list all spells.
A chill wind blows around you.
Casting: Summon Ice Beast (safe; 1% risk of failure)
Confirm with . or Enter, or press ? or * to list all spells.
Casting: Frozen Ramparts (safe; 1% risk of failure)
Press: ? - help, Dir - look around, f - activate The walls around you are covered in ice.
The wall freezes the orc knight but does no damage.
The orc knight hits you with a +0 war axe of freezing!!
The orc knight freezes you.
The orc knight hits your ice beast with a +0 war axe of freezing.
A boulder beetle comes into view.
The orc knight blocks your ice beast's attack.
Your +2 dire flail of protection hums with potential!
a - a +2 dire flail of protection (weapon)
The wall freezes the orc knight.
The orc knight hits you with a +0 war axe of freezing!
The orc knight freezes you.
The orc knight barely misses your ice beast.
The orc knight roars a battlecry!
The orc knight goes into a battle-frenzy!
You barely miss the orc knight.
You bite the orc knight, but do no damage.
The orc knight is lightly wounded.
A vampire mosquito comes into view.
Your ice beast closely misses the orc knight.
The wall freezes the orc knight but does no damage.
The orc knight hits you with a +0 war axe of freezing!!
* * * LOW HITPOINT WARNING * * *
The orc knight freezes you.
You die...
Your body crumbles into a pile of gold.

#........... .## ..
####......<.... ∆ ...∆.y.. .#
............... ###.####.###.#
####........... ........o...#
####........ #....##...##
####.##..#.. #..........#
#####....#...##.
#####.........B###.....####.#..#.
.............$)o@..##### . #...
#..........Y##### #..
##........).#####
#.......).......#
#..........####.. #..........#
############


You could see a boulder beetle, 2 orc knights, a vampire mosquito (distracted)
and a friendly ice beast (summoned).

Vanquished Creatures
  Amaemon (D:8)
  The ghost of bane2007 the Nimble, a novice GnWn of Gozag (D:8)
  Lodul (D:11)
  The ghost of flammie80 the Cudgeller, a novice FoMo of the Shining One (D:9)
  An orange demon (D:8)
  A gargoyle (D:11)
  A kobold demonologist (D:11)
  A komodo dragon (D:10)
  3 trolls
  Grinder (D:3)
  Sigmund (D:4)
  A shadow (D:10)
  A wyvern (D:9)
  A wraith (D:8)
  6 yaks
  A steam dragon (D:8)
  Edmund (D:4)
  An acid dragon (D:10)
  2 water moccasins
  3 ice beasts (D:7)
  12 orc warriors
  6 ogres
  8 centaurs
  3 phantoms (D:4)
  2 kobold brigands
  2 bullfrogs (D:9)
  2 necrophages (D:5)
  A scorpion (D:7)
  A water moccasin zombie (D:5)
  13 killer bees
  5 howler monkeys
  A bullfrog zombie (D:5)
  A human zombie (D:5)
  2 jellies
  2 hounds (D:6)
  Crazy Yiuf (D:4)
  8 orc priests
  A bullfrog skeleton (D:5)
  3 iguanas
  9 orc wizards
  A scorpion zombie (D:5)
  A hell rat (Sewer)
  3 hound zombies (D:5)
  5 gnolls
  2 river rats (Sewer)
  7 adders
  2 shadow imps (D:5)
  A white imp (D:6)
  2 ufetubi (D:6)
  2 ribbon worms
  4 dart slugs
  65 orcs
  8 bats
  6 endoplasms
  4 giant cockroaches
  10 goblins
  6 hobgoblins
  7 jackals
  12 kobolds
  3 quokkas
  10 ball pythons
  4 frilled lizards
  12 rats
290 creatures vanquished.

Vanquished Creatures (collateral kills)
  A two-headed ogre (D:11)
  2 yaks (D:9)
  A steam dragon (D:8)
  An orc warrior (D:10)
  2 ogres
  3 centaurs (Bailey)
  Blork the orc (D:6)
  A gnoll sergeant (D:9)
  4 killer bees
  A howler monkey (D:11)
  2 bombardier beetles (D:5)
  A gnoll bouda (D:6)
  2 gnolls (D:6)
  A white imp (D:6)
  6 orcs
  2 kobolds (D:10)
31 creatures vanquished.

Grand Total: 321 creatures vanquished

Notes
Turn   | Place    | Note
-------+----------+-------------------------------------------
     0 | D:1      | 0gre the Gnoll Ice Elementalist began the quest for the
                  | Orb.
     0 | D:1      | Reached XP level 1. HP: 13/13 MP: 6/6
    85 | D:1      | Reached XP level 2. HP: 19/19 MP: 4/7
   347 | D:1      | Found Nenerpha's Magic Scroll Boutique.
   353 | D:1      | Bought a scroll of identify for 26 gold pieces
   444 | D:1      | Bought a scroll of identify for 26 gold pieces
   476 | D:1      | Reached skill level 5 in Spellcasting
   476 | D:1      | Reached XP level 3. HP: 25/25 MP: 4/9
   560 | D:1      | You fall into a shaft and drop 1 floor!
   620 | D:1      | Learned a level 3 spell: Frozen Ramparts
   668 | D:1      | Bought a scroll of identify for 26 gold pieces
   980 | D:2      | Reached skill level 1 in Invocations
  1188 | D:2      | Reached skill level 1 in Fighting
  1188 | D:2      | Reached skill level 1 in Short Blades
  1188 | D:2      | Reached skill level 1 in Long Blades
  1188 | D:2      | Reached skill level 1 in Axes
  1188 | D:2      | Reached skill level 1 in Maces & Flails
  1188 | D:2      | Reached skill level 1 in Polearms
  1188 | D:2      | Reached skill level 1 in Staves
  1188 | D:2      | Reached skill level 1 in Ranged Weapons
  1188 | D:2      | Reached skill level 1 in Throwing
  1188 | D:2      | Reached skill level 1 in Armour
  1188 | D:2      | Reached skill level 1 in Shields
  1188 | D:2      | Reached skill level 1 in Unarmed Combat
  1188 | D:2      | Reached skill level 1 in Evocations
  1283 | D:2      | Found a faded altar of an unknown god.
  1326 | D:2      | Reached skill level 1 in Shapeshifting
  1326 | D:2      | Reached XP level 4. HP: 29/32 MP: 11/11
  1398 | D:1      | Bought a scroll of teleportation for 39 gold pieces
  1535 | D:2      | Reached skill level 1 in Conjurations
  1535 | D:2      | Reached skill level 1 in Hexes
  1535 | D:2      | Reached skill level 1 in Summonings
  1535 | D:2      | Reached skill level 1 in Necromancy
  1535 | D:2      | Reached skill level 1 in Translocations
  1535 | D:2      | Reached skill level 1 in Fire Magic
  1535 | D:2      | Reached skill level 1 in Air Magic
  1535 | D:2      | Reached skill level 1 in Earth Magic
  1535 | D:2      | Reached skill level 1 in Alchemy
  2043 | D:3      | Reached XP level 5. HP: 22/37 MP: 8/12
  2280 | D:1      | Bought a scroll of identify for 26 gold pieces
  2502 | D:3      | Reached XP level 6. HP: 44/44 MP: 10/14
  2642 | D:3      | Reached skill level 5 in Dodging
  2646 | D:3      | Learned a level 3 spell: Summon Ice Beast
  3006 | D:1      | Bought a scroll of teleportation for 39 gold pieces
  3193 | D:3      | Noticed Grinder
  3214 | D:3      | Killed Grinder
  3215 | D:3      | Reached XP level 7. HP: 40/50 MP: 6/15
  3588 | D:4      | Noticed Edmund
  3608 | D:4      | Reached skill level 5 in Stealth
  3625 | D:4      | Killed Edmund
  3954 | D:4      | Noticed Sigmund
  3971 | D:4      | Killed Sigmund
  3972 | D:4      | Reached XP level 8. HP: 58/58 MP: 14/16
  4375 | D:4      | Found a runed translucent door.
  4376 | D:4      | Noticed Crazy Yiuf
  4386 | D:4      | Killed Crazy Yiuf
  4550 | D:1      | Bought a scroll of teleportation for 39 gold pieces
  4659 | D:5      | Entered Level 5 of the Dungeon
  4721 | D:5      | Found a glowing drain.
  4746 | Sewer    | Entered a sewer
  5159 | D:5      | Found a glowing golden altar of the Shining One.
  5335 | D:5      | Found a shimmering altar of Xom.
  5428 | D:5      | Found an ornate altar of the Wu Jian Council.
  5692 | D:5      | Found an ancient bone altar of Kikubaaqudgha.
  5773 | D:5      | Reached XP level 9. HP: 62/65 MP: 18/18
  6268 | D:6      | Found a burning altar of Makhleb.
  6302 | D:6      | Found a broken altar of Ashenzari.
  6433 | D:6      | Noticed Blork the orc
  6442 | D:6      | Killed Blork the orc
  6877 | D:7      | Found a blossoming altar of Fedhas.
  6902 | D:7      | Found a glowing silver altar of Zin.
  7024 | D:7      | Reached skill level 5 in Invocations
  7219 | D:7      | Found a stormy altar of Qazlal.
  7248 | D:7      | Found a staircase to the Ecumenical Temple.
  7254 | Temple   | Entered the Ecumenical Temple
  7271 | Temple   | Became a worshipper of Gozag Ym Sagoz the Greedy
  7951 | D:8      | Noticed an orange demon
  7959 | D:8      | Reached skill level 5 in Fighting
  7959 | D:8      | Reached skill level 5 in Short Blades
  7959 | D:8      | Reached skill level 5 in Long Blades
  7959 | D:8      | Reached skill level 5 in Axes
  7959 | D:8      | Reached skill level 5 in Maces & Flails
  7959 | D:8      | Reached skill level 5 in Polearms
  7959 | D:8      | Reached skill level 5 in Staves
  7959 | D:8      | Reached skill level 5 in Ranged Weapons
  7959 | D:8      | Reached skill level 5 in Throwing
  7959 | D:8      | Reached skill level 5 in Armour
  7959 | D:8      | Reached skill level 5 in Shields
  7959 | D:8      | Reached skill level 5 in Unarmed Combat
  7959 | D:8      | Reached skill level 5 in Evocations
  7959 | D:8      | Reached XP level 10. HP: 67/74 MP: 16/20
  7962 | D:8      | Noticed Amaemon
  7965 | D:8      | Killed an orange demon
  7985 | D:8      | Killed Amaemon
  8174 | D:8      | Found a runed translucent gate.
  8175 | D:8      | Found a runed translucent gate.
  8176 | D:8      | Found a runed translucent gate.
  8179 | D:8      | Noticed bane2007's ghost (novice GnWn)
  8321 | D:8      | Found a shadowy altar of Dithmenos.
  8570 | D:8      | Killed bane2007's ghost
  8571 | D:8      | Reached skill level 5 in Shapeshifting
  8962 | D:9      | Found Onwi's Jewellery Shoppe.
  8989 | D:9      | Found a runed translucent gate.
  8989 | D:9      | Found a runed translucent gate.
  8991 | D:9      | Found a runed translucent gate.
  8992 | D:9      | Found an opulent altar of Gozag.
  8995 | D:9      | Noticed flammie80's ghost (novice FoMo)
  9205 | D:9      | Found a flagged portal.
  9220 | Bailey   | Entered a bailey
  9269 | Bailey   | Reached skill level 5 in Conjurations
  9269 | Bailey   | Reached skill level 5 in Hexes
  9269 | Bailey   | Reached skill level 5 in Summonings
  9269 | Bailey   | Reached skill level 5 in Necromancy
  9269 | Bailey   | Reached skill level 5 in Translocations
  9269 | Bailey   | Reached skill level 5 in Fire Magic
  9269 | Bailey   | Reached skill level 5 in Air Magic
  9269 | Bailey   | Reached skill level 5 in Earth Magic
  9269 | Bailey   | Reached skill level 5 in Alchemy
  9269 | Bailey   | Reached XP level 11. HP: 81/81 MP: 22/22
 10059 | Bailey   | Reached XP level 12. HP: 79/91 MP: 24/24
 10586 | D:9      | Killed flammie80's ghost
 10735 | D:10     | Entered Level 10 of the Dungeon
 10822 | D:10     | Bought a +1 robe of resistance for 457 gold pieces
 11360 | D:10     | Found Ykiugu's Magic Scroll Shop.
 11368 | D:10     | Bought a scroll of identify for 24 gold pieces
 11368 | D:10     | Bought a scroll of identify for 24 gold pieces
 11368 | D:10     | Bought a scroll of teleportation for 36 gold pieces
 11368 | D:10     | Bought a scroll of enchant armour for 90 gold pieces
 11421 | D:10     | Found a staircase to the Orcish Mines.
 11984 | D:11     | Noticed Lodul
 12002 | D:11     | Killed Lodul
 12102 | D:11     | Noticed a two-headed ogre
 12108 | D:11     | Identified the amulet "Domesudo" {Reflect +Blink rF- Slay+6
                  | SH+5 SInv}
 12110 | D:11     | Killed a two-headed ogre
 12123 | D:11     | Noticed a boulder beetle
 12125 | D:11     | HP: 3/92 [orc knight/+0 war axe of freezing (27)]
 12125 | D:11     | Slain by an orc knight

Illustrated notes

Levels and vault maps discovered:
D:1:      tarquinn_simple_flora_water_e, layout_basic, serial_shops, shop
D:2:      layout_loops_ring, ebering_ecumenical_altar_webs,
          minmay_misc_feat_tiny
D:3:      layout_basic, uniq_grinder
D:4:      layout_loops_ring, uniq_edmund, uniq_sigmund, uniq_crazy_yiuf_cottage
D:5:      layout_loops_ring, nicolae_wu_jian_glorious_leap,
          lemuel_crystal_altar, lemuel_mausoleum_altar_kikubaaqudgha,
          marbit_many_paths, cheibrodos_sewer_entry_sluice,
          nicolae_figureground_sparkle
D:6:      layout_loops_cross, bloody_makhleb, cheibrodos_ashenzari_chains,
          nicolae_elevator_lobby_asterisk, uniq_blork_the_orc
D:7:      layout_loops_ring, grunt_qazlal_clouds, grunt_temple_overflow_open,
          minmay_temple_entry_trees, chequers_decorated_corner
D:8:      layout_cave_pools, mainiacjoe_overflow_alcove_2,
          gammafunk_ghost_spectres, uniq_amaemon
D:9:      layout_cave_pools, serial_shops, nicolae_shop_tiny_statue_garden,
          ebering_ghost_gozag, enter_bailey_3, hangedman_decor_clover_reticule
D:10:     layout_basic, david_orc_5, serial_shops, nicolae_shop_tiny_waterfront
D:11:     layout_rooms, erik_lair_dragon, serial_shops,
          nicolae_shop_gibbet_a_chance, minmay_the_grid_square_5x5_3x3_mashed
          [minmay_the_grid_square_5x5_pentomino_r,
          minmay_the_grid_square_5x5_comb,
          minmay_the_grid_square_5x5_misaligned,
          minmay_the_grid_square_5x5_two_walls_b,
          minmay_the_grid_square_5x5_megaprize_checkered,
          minmay_the_grid_square_5x5_moneybag,
          minmay_the_grid_square_5x5_spiral, minmay_the_grid_square_5x5_inset,
          minmay_the_grid_square_5x5_tie], uniq_lodul
Temple:   hc_temple_tempest_star

Skill      XL: |  1  2  3  4  5  6  7  8  9 10 11 12 |
---------------+-------------------------------------+-----
Spellcasting   | 5 6 7 8 9 |  9.3
Invocations    | 1 2 3 4 5 6 7 8 |  8.5
Fighting       | 1 2 3 5 6 7 |  7.8
Short Blades   | 1 2 3 5 6 7 |  7.8
Long Blades    | 1 2 3 5 6 7 |  7.8
Axes           | 1 2 3 5 6 7 |  7.8
Maces & Flails | 1 2 3 5 6 7 |  7.8
Polearms       | 1 2 3 5 6 7 |  7.8
Staves         | 1 2 3 5 6 7 |  7.8
Ranged Weapons | 1 2 3 5 6 7 |  7.8
Throwing       | 1 2 3 5 6 7 |  7.8
Armour         | 1 2 3 5 6 8 9 |  9.0
Shields        | 1 2 3 5 6 7 |  7.8
Unarmed Combat | 1 2 3 5 6 7 |  7.8
Evocations     | 1 2 3 5 6 7 |  7.8
Shapeshifting  | 1 2 3 4 5 6 7 |  7.1
Conjurations   | 1 2 3 4 5 6 |  6.4
Hexes          | 1 2 3 4 5 6 |  6.4
Summonings     | 1 2 3 4 5 6 |  6.4
Necromancy     | 1 2 3 4 5 6 |  6.4
Translocations | 1 2 3 4 5 6 |  6.4
Fire Magic     | 1 2 3 4 5 6 |  6.4
Air Magic      | 1 2 3 4 5 6 |  6.4
Earth Magic    | 1 2 3 4 5 6 |  6.4
Alchemy        | 1 2 3 4 5 6 |  6.4
Dodging        | 5 6 7 8 9 |  9.1
Stealth        | 5 6 7 8 |  8.9
Ice Magic      | 8 9 |  9.7

Action                     |  1- 3 |  4- 6 |  7- 9 | 10-12 || total
---------------------------+-------+-------+-------+-------++-------
  Melee: Dagger            |    10 |       |       |       ||    10
         Flail             |    45 |    11 |       |       ||    56
         Bite              |     3 |     3 |    23 |    25 ||    54
         Falchion          |       |    22 |    98 |     7 ||   127
         Dire flail        |       |       |   103 |   174 ||   277
         Spear             |       |       |     3 |       ||     3
         Punch             |       |       |     2 |       ||     2
         Halberd           |       |       |     2 |       ||     2
         Glaive            |       |       |     1 |     3 ||     4
   Fire: Sling             |    87 |    57 |   105 |    17 ||   266
         Orcbow            |       |       |       |   177 ||   177
  Throw: Boomerang         |       |       |    14 |       ||    14
         Dart              |       |       |     3 |     5 ||     8
   Cast: Freeze            |    18 |     2 |       |       ||    20
         Frozen Ramparts   |       |    11 |    38 |    36 ||    85
         Summon Ice Beast  |       |     1 |    17 |    15 ||    33
 Invoke: Call Merchant     |       |       |       |     1 ||     1
  Evoke: Wand              |       |       |       |    10 ||    10
    Use: Scroll            |     4 |     1 |     3 |    16 ||    24
         Potion            |       |       |     3 |     4 ||     7
   Stab: Sleeping          |       |       |     7 |       ||     7
         Distracted        |       |       |     1 |       ||     1
         Paralysed         |       |       |       |     2 ||     2
 Armour: Robe              |    40 |    18 |   118 |   180 ||   356
  Dodge: Dodged            |    55 |    31 |   148 |   190 ||   424
